 Dungeon Crawl Stone Soup version 0.21-a0-125-gb006224 (webtiles) character file.

832 Leszczynek the Nimble (level 7, -5/62 HPs)
             Began as an Ogre Transmuter on July 14, 2017.
             Was a Follower of Cheibriados.
             Slain by an ice beast (11 damage)
             ... on level 4 of the Dungeon.
             The game lasted 00:16:07 (2341 turns).

Leszczynek the Nimble (Ogre Transmuter)             Turns: 2341, Time: 00:16:08

Health: -5/62      AC:  3    Str: 17    XL:     7   Next: 98%
Magic:  12/19      EV: 15    Int: 17    God:    Cheibriados [*.....]
Gold:   124        SH:  0    Dex: 12    Spells: 4/10 levels left

rFire    . . .     SeeInvis .     - Unarmed
rCold    . . .     Gourm    .   (no shield)
rNeg     . . .     Faith    .   b - +0 robe
rPois    .         Spirit   .   (helmet restricted)
rElec    .         Reflect  .   (no cloak)
rCorr    .         Harm     .   (gloves unavailable)
MR       .....                  (boots unavailable)
Stlth    +.........             (no amulet)
HPRegen  0.20/turn              k - ring of magical power
MPRegen  0.16/turn              (no ring)

@: very slow
A: unfitting armour, sense surroundings 1, tough skin 1
a: Bend Time, Renounce Religion


You were on level 4 of the Dungeon.
You worshipped Cheibriados.
Cheibriados was aware of your devotion.
You were not hungry.

You visited 1 branch of the dungeon, and saw 5 of its levels.

You collected 124 gold pieces.

Inventory:

Missiles
 a - 37 arrows
 m - 3 curare-tipped needles
Armour
 b - a +0 robe (worn)
Jewellery
 k - a ring of magical power (left hand)
Wands
 n - a wand of flame (14/48)
Scrolls
 e - a scroll of recharging {unknown}
 g - 5 scrolls of remove curse {@r2}
 h - a scroll of magic mapping {unknown}
 i - 3 scrolls of identify {@r1}
Books
 c - a book of Changes

   Spells                             Type                      Level
   a - Beastly Appendage              Transmutation                1
   b - Sticks to Snakes               Transmutation                2
   c - Spider Form                    Transmutation/Poison         3
   d - Ice Form                       Ice/Transmutation            4
   e - Blade Hands                    Transmutation                5
Comestibles
 d - a bread ration
 f - 5 chunks of flesh
 j - a royal jelly


   Skills:
 - Level 1.3 Fighting
 - Level 11.3 Dodging
 + Level 5.3 Unarmed Combat
 - Level 2.4 Spellcasting
 - Level 3.8 Transmutations
 - Level 2.2 Poison Magic


You had 4 spell levels left.
You knew the following spells:

 Your Spells              Type           Power        Failure   Level  Hunger
a - Beastly Appendage     Tmut           ###...       3%          1    #......
b - Sticks to Snakes      Tmut           ###.....     6%          2    ##.....
c - Spider Form           Tmut/Pois      ##........   16%         3    ###....


Dungeon Overview and Level Annotations

Branches:
Dungeon (5/15)
 Temple: D:4-7

Altars:
Cheibriados
Kikubaaqudgha
Sif Muna
Wu Jian
Xom


Innate Abilities, Weirdness & Mutations

You are too large for most types of armour.
You have tough skin. (AC +1)
You passively map a small area around you.


Message History

Found 14 gold pieces.
The ice beast closely misses you. The orc completely misses you.
Your transformation is almost over.
The ice beast hits you. The ice beast freezes you!
* * * LOW HITPOINT WARNING * * *
There is an escape hatch in the ceiling here.
The ice beast closely misses you.
The sky beast flickers out of sight!
Deactivating autopickup; reactivate with Ctrl-A.
A mysterious force pulls you upwards. The hatch slams shut behind you.
Unknown command.
Casting: Spider Form
Confirm with . or Enter, or press ? or * to list all spells.
You create a snake!
You now have 37 arrows.
The ice beast completely misses you.
Unknown command.
Your transformation has ended.
Your +0 robe unmelds from your body.
The ice beast hits you.
* * * LOW HITPOINT WARNING * * *
The ice beast freezes you!
You die...

##.# ... ##.##.#.#.# ...#
..., #.##.#.#.# ########
#.# *#.##.#.#.# .......#
#.# ..##.....# ######.#
#.# #.####..## ...#
#.###'## ##'## ##.# ##.#
#.##...####8.8## #.# ##.#
#)#.....##.....###.##
.#.###......##8.@Y..8##..#
........[..##...S.....##.#
...........#8.........8#.#
...###....)'...........'.#
.#.# ##....#8.........8###
.#.# ##...##.........##
#..# ##...##8.....8##
##.## ##+####.....## ....#
.# ##8.8##


You could see an ice beast and a friendly ball python.

Vanquished Creatures
  A sky beast (D:5)
  A centaur (D:5)
  A howler monkey (D:5)
  An orc priest (D:3)
  A hound (D:5)
  A centaur skeleton (D:4)
  An iguana (D:5)
  A hound skeleton (D:5)
  3 adders (D:3)
  An ooze (D:3)
  2 worms
  A dart slug (D:3)
  2 leopard geckos (D:1)
  12 orcs
  4 giant cockroaches
  2 goblins (D:2)
  3 hobgoblins
  2 quokkas
  2 bats
  5 frilled lizards
  5 kobolds
  4 rats
56 creatures vanquished.

Vanquished Creatures (collateral kills)
  An orc wizard (D:3)
  An iguana (D:5)
  A worm (D:3)
  2 orcs (D:3)
  A bat (D:3)
  A quokka zombie (D:3)
  A rat (D:3)
8 creatures vanquished.

Grand Total: 64 creatures vanquished

Notes
Turn   | Place    | Note
-------+----------+-------------------------------------------
     0 | D:1      | Leszczynek the Ogre Transmuter began the quest for the Orb.
     0 | D:1      | Reached XP level 1. HP: 19/19 MP: 3/3
    15 | D:1      | HP: 2/19 [leopard gecko (5)]
    17 | D:1      | Reached skill level 2 in Transmutations
   209 | D:1      | Reached XP level 2. HP: 9/27 MP: 1/5
   222 | D:1      | Learned a level 2 spell: Sticks to Snakes
   717 | D:3      | Reached skill level 3 in Transmutations
   722 | D:3      | Reached XP level 3. HP: 26/33 MP: 6/6
   766 | D:2      | HP: 4/33 [orc/hand axe (5)]
   777 | D:2      | i don't understand why is 10 ev so much worse than 12
  1120 | D:3      | Found a snail-covered altar of Cheibriados.
  1176 | D:3      | Learned a level 3 spell: Spider Form
  1218 | D:3      | Became a worshipper of Cheibriados the Contemplative
  1267 | D:3      | Reached skill level 1 in Poison Magic
  1284 | D:2      | Reached XP level 4. HP: 17/41 MP: 7/7
  1641 | D:4      | Reached skill level 2 in Poison Magic
  1793 | D:4      | Found a shimmering altar of Xom.
  1794 | D:4      | Found a deep blue altar of Sif Muna.
  1794 | D:4      | Found an ancient bone altar of Kikubaaqudgha.
  1795 | D:4      | Found an ornate altar of the Wu Jian Council.
  1825 | D:3      | Reached XP level 5. HP: 40/48 MP: 8/8
  1828 | D:3      | Reached skill level 3 in Unarmed Combat
  1887 | D:5      | Entered Level 5 of the Dungeon
  1904 | D:5      | Noticed a centaur
  1924 | D:5      | Noticed a sky beast
  1941 | D:5      | Killed a sky beast
  1941 | D:5      | Reached * piety under Cheibriados
  1941 | D:5      | Reached skill level 4 in Unarmed Combat
  1941 | D:5      | Reached XP level 6. HP: 28/55 MP: 9/9
  1943 | D:5      | HP: 9/55 [centaur (4)]
  1958 | D:5      | Gained mutation: Your muscles are strong. (Str +2) [mutagenic meat]
  1959 | D:5      | Gained mutation: You passively map a small area around you. [mutagenic meat]
  1961 | D:5      | Lost mutation: Your muscles are strong. (Str +2) [mutagenic meat]
  2246 | D:5      | Reached skill level 5 in Unarmed Combat
  2296 | D:5      | Noticed a sky beast
  2321 | D:5      | Noticed an ice beast
  2332 | D:5      | wow, it teleported me in the same spot
  2332 | D:5      | just can't win in any way, huh
  2332 | D:5      | Reached skill level 11 in Dodging
  2332 | D:5      | Reached XP level 7. HP: 19/62 MP: 10/10
  2336 | D:5      | HP: 6/62 [ice beast (13)]
  2341 | D:4      | HP: 6/62 [ice beast (1)]
  2341 | D:4      | Slain by an ice beast

Vault maps used:
D:1:      eino_arrival_water_cross, minmay_liquid_box
D:3:      kennysheep_slug_shrine
D:4:      chequers_temple_overflow_statue_of_worship, first_bread,
          dk_noncrumbling_4, roderic_batcave

Skill      XL: |  1  2  3  4  5  6 |
---------------+-------------------+-----
Transmutations | 2 3 |  3.8
Poison Magic   | 1 2 |  2.2
Unarmed Combat | 4 5 |  5.3
Dodging        | 11 | 11.3
Fighting       | |  1.3
Spellcasting   | |  2.4

Action                   |  1- 3 |  4- 6 |  7- 9 || total
-------------------------+-------+-------+-------++-------
Melee: Unarmed           |   117 |   115 |       ||   232
       Headbutt          |     9 |     2 |       ||    11
       Kick              |     4 |     4 |       ||     8
       Punch             |     2 |       |       ||     2
 Cast: Beastly Appendage |    20 |     6 |       ||    26
       Sticks to Snakes  |     8 |    12 |     1 ||    21
       Spider Form       |       |     9 |       ||     9
  Use: Scroll            |       |     2 |       ||     2
       Potion            |       |     1 |       ||     1
 Stab: Distracted        |       |     1 |       ||     1
  Eat: Chunk             |     3 |    10 |       ||    13
Armor: Robe              |    25 |    17 |       ||    42
       Skin              |       |     6 |       ||     6
Dodge: Dodged            |    77 |    91 |     7 ||   175
